 Dungeon Crawl Stone Soup version 0.22.0 (webtiles) character file.

3570 rgaf the Cleaver (level 9, -3/83 HPs)
             Began as a Minotaur Berserker on Aug 10, 2018.
             Was a High Priest of Trog.
             Slain by a hornet (8 damage)
             ... while paralysed by a hornet
             ... on level 8 of the Dungeon.
             The game lasted 00:04:41 (6453 turns).

rgaf the Cleaver (Minotaur Berserker)               Turns: 6453, Time: 00:04:41

Health: -3/83      AC: 10    Str: 22    XL:     9   Next: 84%
Magic:  8/8        EV:  2    Int:  5    God:    Trog [*****.]
Gold:   397        SH:  0    Dex: 12    Spells: 8/8 levels left

rFire    + . .     SeeInvis .   a - +0 battleaxe
rCold    . . .     Gourm    .   (shield currently unavailable)
rNeg     + . .     Faith    .   p - +0 scale mail
rPois    .         Spirit   .   C - +0 hat
rElec    .         Reflect  .   m - +1 cloak
rCorr    .         Harm     .   (no gloves)
MR       .....                  (no boots)
Stlth    ..........             (no amulet)
HPRegen  0.23/turn              w - ring of protection from fire
MPRegen  0.11/turn              q - ring of positive energy

@: paralysed, lethally poisoned (-3 -> -24), berserk cooldown, slowed
A: retaliatory headbutt, horns 2
a: Berserk, Trog's Hand, Brothers in Arms, Renounce Religion


You were on level 8 of the Dungeon.
You worshipped Trog.
Trog was extremely pleased with you.
You were near starving.

You visited 1 branch of the dungeon, and saw 8 of its levels.

You collected 397 gold pieces.

Inventory:

Hand Weapons
 a - a +0 battleaxe (weapon)
Armour
 b - a +0 animal skin
 m - a +1 cloak (worn)
 p - a +0 scale mail (worn)
 C - a +0 hat (worn)
Jewellery
 d - an uncursed ring of ice
 k - an uncursed ring of magical power
 q - a ring of positive energy (right hand)
 w - a ring of protection from fire (left hand)
 I - a +4 ring of intelligence {unknown}
Wands
 s - a wand of acid (7)
 v - a wand of flame (52)
Scrolls
 i - 5 scrolls of immolation
 l - a scroll of blinking
 n - 3 scrolls of identify
 u - 3 scrolls of remove curse
 x - a scroll of enchant armour
 y - 3 scrolls of teleportation
 z - a scroll of fear
 B - a scroll of enchant weapon {unknown}
Potions
 c - 2 potions of curing
 f - 2 potions of lignification {unknown}
 g - a potion of resistance
 h - 2 potions of haste
 j - 2 potions of agility
 o - a potion of might
 r - a potion of cancellation {unknown}
 t - a potion of heal wounds
 A - a potion of berserk rage
 D - a potion of invisibility {unknown}
 F - 2 potions of degeneration {unknown}
 G - a potion of mutation {unknown}
 H - a potion of brilliance {unknown}
Comestibles
 e - 18 rations


   Skills:
 + Level 9.2 Fighting
 * Level 12.2 Axes
 + Level 8.8 Armour
 - Level 2.1 Dodging


You had 8 spell levels left.
You didn't know any spells.
Your spell library was empty.

Dungeon Overview and Level Annotations

Branches:
Dungeon (8/15)             Temple (0/1) D:7
   Lair: D:8-11

Altars:
Ashenzari
Cheibriados
Dithmenos
Elyvilon
Fedhas
Gozag
Kikubaaqudgha
Okawaru
Qazlal
Trog
Uskayaw
The Shining One


Innate Abilities, Weirdness & Mutations

You reflexively headbutt those who attack you in melee.
You have a pair of horns on your head.


Message History

The hornet stings you but does no damage.
The hornet stings you!
You are more poisoned.
You feel as though you will be slow longer.
You are too injured to fight recklessly!
You miss the hornet. You headbutt the hornet!
You kill the hornet!
Trog accepts your kill.
You feel sick.
You are too injured to fight recklessly!
You slice the hornet!! Your headbutt misses the hornet.
The hornet is severely wounded.
You are no longer berserk.
You are exhausted.
You feel as though you will be slow longer.
You feel sick. The hornet stings you!
* * * LOW HITPOINT WARNING * * *
You are more poisoned.
You suddenly lose the ability to move!
The hornet stings you!
You die...

####.#####.#...##
#..............>##
#.##.##.#......... ##
#.##............## #.
#########......##
#.##.#y## ##.#####
###..#.#.# #.# # #..##y#†#
#.# # ##..#.#@# ##'## #
#..###### ##...## # #.##
##.# ##.....## #
###.####..# ##.......## #
#.........####.........###
#.###........'........('<.
#.# #.#...####.........#..
#.# #....## ##.......##.#
#.# ###..# ##.....###.#


You could see a hornet.

Vanquished Creatures
  Pikel (D:5)
  2 hornets (D:8)
  A hippogriff (D:7)
  A hungry ghost (D:7)
  A slave (D:5)
  2 ice beasts
  3 orc warriors
  A phantom (D:7)
  3 centaurs
  A big kobold (D:7)
  5 bullfrogs
  2 scorpions
  A howler monkey (D:7)
  2 crimson imps
  A centaur zombie (D:5)
  3 hounds
  2 bullfrog zombies
  2 jellies
  Crazy Yiuf (D:2)
  4 orc priests
  5 orc wizards
  An iguana (D:3)
  4 worker ants
  A hound zombie (D:7)
  A hound skeleton (D:7)
  A howler monkey skeleton (D:6)
  A gnoll (D:7)
  10 adders
  2 shadow imps
  An adder skeleton (D:3)
  2 worms
  4 dart slugs
  3 leopard geckos
  19 orcs
  2 ball pythons (D:1)
  7 bats
  15 giant cockroaches
  7 goblins
  9 hobgoblins
  4 jackals (D:4)
  12 kobolds
  3 quokkas
  7 frilled lizards
  A jackal skeleton (D:7)
  A leopard gecko skeleton (D:4)
  A quokka skeleton (D:4)
  A quokka zombie (D:5)
  7 rats
  A fungus (D:2)
172 creatures vanquished.

Vanquished Creatures (others)
  A sky beast (D:7)
  A howler monkey (D:5)
  An adder (D:5)
  A dart slug (D:5)
  A leopard gecko (D:8)
5 creatures vanquished.

Grand Total: 177 creatures vanquished

Notes
Turn   | Place    | Note
-------+----------+-------------------------------------------
     0 | D:1      | rgaf the Minotaur Berserker began the quest for the Orb.
     0 | D:1      | Reached XP level 1. HP: 19/19 MP: 0/0
   119 | D:1      | Reached skill level 4 in Axes
   119 | D:1      | Reached XP level 2. HP: 21/27 MP: 1/1
  1094 | D:2      | Found a glowing golden altar of the Shining One.
  1141 | D:2      | Reached XP level 3. HP: 33/33 MP: 2/2
  1467 | D:2      | Reached ** piety under Trog
  1649 | D:2      | Reached skill level 5 in Axes
  1649 | D:2      | Reached XP level 4. HP: 34/40 MP: 3/3
  2229 | D:2      | Found a runed door.
  2233 | D:2      | Noticed Crazy Yiuf
  2237 | D:2      | Killed Crazy Yiuf
  2422 | D:3      | Found a shattered altar of Ashenzari.
  2655 | D:3      | Reached XP level 5. HP: 41/47 MP: 4/4
  2873 | D:3      | Found an opulent altar of Gozag.
  2882 | D:3      | Reached *** piety under Trog
  3134 | D:4      | Noticed an ice beast
  3145 | D:4      | Killed an ice beast
  3145 | D:4      | Reached skill level 5 in Fighting
  3145 | D:4      | Reached skill level 6 in Axes
  3145 | D:4      | Reached XP level 6. HP: 41/56 MP: 5/5
  3746 | D:4      | Reached skill level 7 in Axes
  3859 | D:5      | Entered Level 5 of the Dungeon
  3864 | D:5      | Reached skill level 5 in Armour
  3888 | D:5      | Noticed a slave
  3888 | D:5      | Noticed a slave
  3889 | D:5      | Noticed Pikel
  3890 | D:5      | Noticed a slave
  3890 | D:5      | Noticed a slave
  3898 | D:5      | Killed a slave
  3900 | D:5      | Killed Pikel
  3900 | D:5      | Reached skill level 8 in Axes
  3900 | D:5      | Reached XP level 7. HP: 52/64 MP: 6/6
  3901 | D:5      | Reached XP level 8. HP: 58/71 MP: 7/7
  4116 | D:5      | Reached skill level 9 in Axes
  4224 | D:5      | Found a white marble altar of Elyvilon.
  4510 | D:6      | Found a hide-covered altar of Uskayaw.
  4666 | D:6      | Reached skill level 10 in Axes
  5130 | D:7      | Found a bloodstained altar of Trog.
  5131 | D:7      | Found an iron altar of Okawaru.
  5167 | D:7      | Reached XP level 9. HP: 81/81 MP: 8/8
  5263 | D:7      | Found a stormy altar of Qazlal.
  5323 | D:7      | Found a snail-covered altar of Cheibriados.
  5370 | D:7      | Reached **** piety under Trog
  5463 | D:7      | Reached skill level 11 in Axes
  5772 | D:7      | Found a shadowy altar of Dithmenos.
  5891 | D:7      | Found a blossoming altar of Fedhas.
  5968 | D:7      | Found a staircase to the Ecumenical Temple.
  6089 | D:8      | Found an ancient bone altar of Kikubaaqudgha.
  6447 | D:8      | Reached skill level 12 in Axes
  6450 | D:8      | Reached ***** piety under Trog
  6453 | D:8      | Paralysed by a hornet for 3 turns
  6453 | D:8      | Slain by a hornet

Skill      XL: |  1  2  3  4  5  6  7  8  9 |
---------------+----------------------------+-----
Axes           | 4 5 6 8 10 12 | 12.2
Fighting       | 4 5 6 7 9 |  9.2
Armour         | 3 4 5 6 7 8 |  8.8
Dodging        | |  2.1

Action                   |  1- 3 |  4- 6 |  7- 9 || total
-------------------------+-------+-------+-------++-------
Melee: Hand axe          |    78 |   165 |    90 ||   333
       Headbutt          |    17 |    28 |    46 ||    91
       Battleaxe         |       |       |   106 ||   106
Invok: Berserk           |       |     3 |     4 ||     7
  Use: Scroll            |       |    17 |       ||    17
       Potion            |       |       |     1 ||     1
 Stab: Sleeping          |       |     1 |       ||     1
  Eat: Chunk             |     2 |    10 |    11 ||    23
Armor: Animal skin       |    12 |       |       ||    12
       Scale mail        |       |    58 |    96 ||   154
Dodge: Dodged            |    52 |   110 |    95 ||   257
